 Dungeon Crawl Stone Soup version 0.27.0-1-g7a089689b8 (webtiles) character file.

Game seed: 5798370921536286227

271218 inmateoo the Stickfighter (level 20, -3/144 HPs)
             Began as a Gnoll Chaos Knight on Aug 2, 2021.
             Was the Champion of Cheibriados.
             Slain by an ironbound beastmaster (4 damage)
             ... on level 1 of the Vaults.
             The game lasted 01:46:05 (35743 turns).

inmateoo the Stickfighter (Gnoll Chaos Knight)     Turns: 35743, Time: 01:46:06

Health: -3/144     AC:  9    Str: 32    XL:     20   Next: 23%
Magic:  18/37      EV: 25    Int: 38    God:    Cheibriados [******]
Gold:   2101       SH:  9    Dex: 27    Spells: 15/45 levels left

rFire    + . .     SeeInvis .     - Unarmed
rCold    + . .     Faith    .   t - +0 buckler {reflect}
rNeg     . . .     Spirit   .   q - +0 steam dragon scales
rPois    .         Reflect  +   (helmet restricted)
rElec    .         Harm     .   j - +2 cloak {Stlth+}
rCorr    .         Rampage  .   d - +0 pair of gloves "Ducoar" {Will+ Str+4 Stlth+}
Will     +++..     Clarity  +   H - +1 pair of boots
Stlth    ++++++++..             u - amulet "Kogodgh" {RegenMP rF+ rC+ Int+4}
HPRegen  0.34/turn              l - ring of willpower
MPRegen  0.50/turn              r - +4 ring of slaying

@: marked, wereblooded, corroded, unable to read, studying Staves, very slow
A: fangs 1, strong nose, distributed training, horns 1, clarity, frail 1,
screaming 1, shaggy fur 1, evolution 1, inability to read while threatened
}: 2/15 runes: decaying, serpentine
a: Renounce Religion, Bend Time, Temporal Distortion, Slouch, Step From Time


You were on level 1 of the Vaults.
You worshipped Cheibriados.
Cheibriados was exalted by your worship.
You visited 7 branches of the dungeon, and saw 34 of its levels.
You visited the Abyss 1 time.

You collected 5220 gold pieces.
You spent 3119 gold pieces at shops.

Inventory:

Missiles
 w - 4 throwing nets
 x - 11 silver javelins (quivered)
 E - 8 javelins
Armour
 d - the +0 pair of gloves "Ducoar" (worn) {Will+ Str+4 Stlth+}
   (You took it off Nikola on level 1 of the Elven Halls)

   Str:       It affects your strength (+4).
   Will:      It increases your willpower.
   Stlth:     It makes you more stealthy.
 j - a +2 cloak of stealth (worn)
 q - +0 steam dragon scales (worn)
 t - a +0 buckler of reflection (worn)
 H - a +1 pair of boots (worn)
 U - a +1 helmet
 W - a +0 kite shield of fire resistance
Jewellery
 c - a ring of protection from cold
 l - a ring of willpower (left hand)
 m - an amulet of regeneration
 r - a +4 ring of slaying (right hand)
 u - the amulet "Kogodgh" (around neck) {RegenMP rF+ rC+ Int+4}
   (You took it off a gnoll shaman on level 7 of the Dungeon)

   [amulet of magic regeneration]

   It increases your rate of magic regeneration.
   Int:       It affects your intelligence (+4).
   rF:        It protects you from fire.
   rC:        It protects you from cold.
 A - a ring of see invisible
 L - a ring of wizardry
 V - a ring of resist corrosion
Wands
 n - a wand of iceblast (4)
 v - a wand of flame (42)
 y - a wand of mindburst (1)
 B - a wand of polymorph (14)
 D - a wand of paralysis (10)
 I - a wand of acid (15)
 S - a wand of digging (3)
Scrolls
 a - a scroll of acquirement {unknown}
 b - 6 scrolls of magic mapping
 g - 3 scrolls of blinking
 i - 3 scrolls of amnesia
 k - 3 scrolls of silence
 o - 12 scrolls of teleportation
 p - a scroll of holy word
 G - 21 scrolls of identify
 K - 2 scrolls of enchant armour
 N - 5 scrolls of fog
 Q - 3 scrolls of fear
Potions
 e - 11 potions of curing
 f - 3 potions of cancellation
 h - 8 potions of ambrosia
 s - 7 potions of might
 z - 2 potions of brilliance
 C - 4 potions of flight
 J - 2 potions of magic
 M - a potion of mutation
 O - 3 potions of heal wounds
 R - a potion of invisibility
 T - a potion of resistance
Miscellaneous
 F - a box of beasts


   Skills:
 + Level 14.5 Fighting
 + Level 13.2 Short Blades
 + Level 13.2 Long Blades
 + Level 13.2 Axes
 + Level 13.2 Maces & Flails
 + Level 13.2 Polearms
 + Level 17.3 Staves
 + Level 13.2 Slings
 + Level 13.2 Bows
 + Level 13.2 Crossbows
 + Level 13.2 Throwing
 + Level 13.9 Armour
 + Level 13.5 Dodging
 + Level 13.2 Stealth
 + Level 13.2 Shields
 + Level 14.5 Unarmed Combat
 + Level 13.2 Spellcasting
 + Level 11.4 Conjurations
 + Level 11.4 Hexes
 + Level 11.4 Summonings
 + Level 11.4 Necromancy
 + Level 11.4 Translocations
 + Level 11.4 Transmutations
 + Level 11.4 Fire Magic
 + Level 11.4 Ice Magic
 + Level 11.4 Air Magic
 + Level 11.4 Earth Magic
 + Level 11.4 Poison Magic
 + Level 14.3 Invocations
 + Level 13.2 Evocations


You had 15 spell levels left.
You knew the following spells:

 Your Spells              Type           Power      Damage    Failure   Level
a - Statue Form           Tmut/Erth      56%        N/A       1%          6
b - Wereblood             Tmut           84%        N/A       1%          2
e - Borgnjor's Vile Clut  Necr/Erth      42%        N/A       1%          5
f - Manifold Assault      Tloc           84%        N/A       1%          5
g - Passwall              Tmut/Erth      70%        N/A       1%          2
h - Blink                 Tloc           N/A        N/A       1%          2
i - Ignition              Fire           42%        3d12      65%         8

Your spell library contained the following spells:

 Spells                   Type           Power      Damage    Failure   Level
 Beastly Appendage        Tmut           100%       N/A       0%          1
 Corona                   Hex            93%        N/A       0%          1
 Foxfire                  Conj/Fire      100%       2x1d9     0%          1
 Magic Dart               Conj           100%       1d8       0%          1
 Sandblast                Erth           100%       2d20      0%          1
 Sting                    Tmut/Pois      100%       1d8       0%          1
 Summon Small Mammal      Summ           100%       N/A       0%          1
 Call Imp                 Summ           84%        N/A       1%          2
 Corpse Rot               Necr/Air       N/A        N/A       1%          2
 Ensorcelled Hibernation  Hex/Ice        100%       N/A       1%          2
 Poisonous Vapours        Pois/Air       100%       N/A       1%          2
 Searing Ray              Conj           100%       3d7       1%          2
 Static Discharge         Conj/Air       84%        N/A       1%          2
 Call Canine Familiar     Summ           84%        N/A       1%          3
 Conjure Flame            Conj/Fire      84%        6-21      1%          3
 Dazzling Flash           Conj/Hex       100%       N/A       1%          3
 Ignite Poison            Fire/Tmut/Pois 84%        N/A       1%          3
 Inner Flame              Hex/Fire       84%        N/A       1%          3
 Lesser Beckoning         Tloc           42%        N/A       1%          3
 Mephitic Cloud           Conj/Pois/Air  84%        N/A       1%          3
 Portal Projectile        Hex/Tloc       100%       N/A       1%          3
 Spider Form              Tmut/Pois      42%        N/A       1%          3
 Summon Guardian Golem    Hex/Summ       84%        N/A       1%          3
 Tukima's Dance           Hex            84%        N/A       1%          3
 Animate Armour           Summ/Erth      100%       N/A       1%          4
 Animate Dead             Necr           42%        N/A       1%          4
 Dispel Undead            Necr           84%        3d27      1%          4
 Fulminant Prism          Conj/Hex       42%        3d20      1%          4
 Iskenderun's Mystic Bla  Conj/Tloc      84%        2d17      1%          4
 Leda's Liquefaction      Hex/Erth       42%        N/A       1%          4
 Olgreb's Toxic Radiance  Pois           84%        N/A       1%          4
 Passage of Golubria      Tloc           N/A        N/A       1%          4
 Sticky Flame             Conj/Fire      84%        2d10      1%          4
 Blade Hands              Tmut           42%        N/A       1%          5
 Bolt of Magma            Conj/Fire/Erth 42%        4d18      1%          5
 Excruciating Wounds      Necr           42%        N/A       1%          5
 Fireball                 Conj/Fire      42%        3d17      1%          5
 Iskenderun's Battlesphe  Conj           84%        2d13      1%          5
 Lee's Rapid Deconstruct  Erth           42%        3d21*     1%          5
 Yara's Violent Unravell  Hex/Tmut       42%        3d17      1%          5
 Death Channel            Necr           42%        N/A       1%          6
 Iron Shot                Conj/Erth      42%        9d8       1%          6
 Starburst                Conj/Fire      42%        8x6d12    1%          6
 Haunt                    Necr/Summ      42%        N/A       12%         7
 Monstrous Menagerie      Summ           42%        N/A       12%         7
 Spellforged Servitor     Conj/Summ      42%        N/A       12%         7
 Infestation              Necr           42%        N/A       65%         8
 Lehudib's Crystal Spear  Conj/Erth      42%        10d10     65%         8


Dungeon Overview and Level Annotations

Branches:
Dungeon (15/15)            Temple (0/1) D:6            Lair (6/6) D:11
  Swamp (4/4) Lair:2        Snake (4/4) Lair:3        Slime (0/5) Lair:5
    Orc (2/2) D:12            Elf (2/3) Orc:2        Vaults (1/5) D:14
 Depths (0/5) D:15

Altars:
Ashenzari
Cheibriados
Dithmenos
Fedhas
Gozag
Kikubaaqudgha
Okawaru
Xom
Beogh
Jiyva

Shops:
D:9 =*[*   D:11 *   Orc:2 :[(*   Elf:2 :   Snake:2 ([::

Portals:
Trove: D:12 (give +6 fire dragon scales)

Annotations:
D:13 2 runed translucent doors, Gonodgh's ghost, journeyman MiFi
Orc:1 3 runed translucent doors, Nattefrost's ghost, journeyman MfBe; blexxed's ghost, journeyman DsFi
Elf:2 exclusion: 5 doors


Innate Abilities, Weirdness & Mutations

You have very sharp teeth.
Your uncanny sense of smell can sniff out nearby items.
Your experience applies equally to all skills.
You have a pair of small horns on your head.
You possess an exceptional clarity of mind.
You are frail. (-10% HP)
You occasionally shout uncontrollably at your foes.
You are covered in fur. (AC +1)
You evolve.
You sometimes lose the ability to read scrolls when taking damage.


Message History

Confirm with . or Enter, or press ? or * to list all spells.
Space momentarily warps into an impossible shape!
You beat the deep troll into a bloody pulp!!!
You punch the ironbound beastmaster!
You beat the yaktaur into a bloody pulp!!!
You feel a bit better.
You kill the yaktaur!
Cheibriados thoroughly appreciates the change of pace.
You hit the ironbound convoker but do no damage.
You block the entropy weaver's attack. x2; The entropy weaver misses you.
The entropy weaver hits you but does no damage.
The vault warden hits you with a +1 dire flail!!
* * * LOW HITPOINT WARNING * * *
The ironbound beastmaster hits you but does no damage.
The ironbound beastmaster hits you with a +1 demon whip of flaming!
* * * LOW HITPOINT WARNING * * *
The ironbound beastmaster burns you.
* * * LOW HITPOINT WARNING * * *
You block the ironbound frostheart's attack.
The deep troll barely misses you.
The deep troll claws you but does no damage.
The deep troll completely misses you.
Unknown command.
Okay, then.
You cannot read scrolls in your current state!
Unknown command.
Okay, then.
You revert to your normal fleshy form.
The +0 pair of gloves "Ducoar" {Will+ Str+4 Stlth+} unmelds from your body.
Your +1 pair of boots unmelds from your body.
Your +0 steam dragon scales unmelds from your body.
The entropy weaver misses you. x2; The entropy weaver barely misses you.
The entropy weaver completely misses you.
The vault warden barely misses you.
You block the ironbound beastmaster's attack.
The ironbound beastmaster hits you with a +1 demon whip of flaming!!
* * * LOW HITPOINT WARNING * * *
The ironbound beastmaster burns you.
You die...
Xom roars with laughter!

#.## ...
... ∆ ..
###'#####
+...p...#
#.pppB..#
#######
#..p@p..#
#...(..
#..T.)..#
#......
∆#..))...#
#....(.
#..†....#
#.)....
#.......#
#......
#.......#
#......
#.......#
#......
#.......#
#......
#.......#
#......


You could see a vault warden, an entropy weaver, an ironbound frostheart
(strong), a deep troll (strong), 2 ironbound beastmasters and 2 ironbound
convokers.

Vanquished Creatures
  Vashnia (Snake:3)
  the Lernaean hydra (Swamp:4)
  Nikola (Elf:1)
  Jorgrun (Swamp:1)
  Roxanne (Swamp:1)
  A storm dragon (Elf:1)
  Donald (Snake:2)
  A shadow dragon (Elf:1)
  7 nagarajas
  The ghost of Tungsten the Grappler, an adept VSWz of Wu Jian (Snake:4)
  2 fenstrider witches (Swamp:3)
  A vault warden (Vaults:1)
  2 orc warlords (Orc:2)
  Louise (Elf:1)
  2 ghouls (Swamp:4)
  Aizul (Elf:1)
  A deep elf elementalist (Elf:1)
  A very ugly thing (Abyss:2)
  A deep elf demonologist (Elf:1)
  4 bunyips (Swamp:3)
  A dire elephant (Vaults:1)
  7 eleionomae
  A rakshasa (D:14)
  2 fire dragons
  2 shambling mangroves
  Harold (Lair:1)
  3 deep elf high priests (Elf:1)
  16 naga warriors
  Fannar (D:10)
  2 salamander tyrants
  Erolcha (D:13)
  3 ice dragons
  4 boulder beetles
  5 vault guards (D:14)
  A death knight (D:13)
  An ogre mage (D:14)
  31 hydras
  6 centaur warriors
  11 anacondas
  7 two-headed ogres
  8 dancing weapons
  7 alligators
  A tengu warrior (D:13)
  3 orc high priests
  Urug (D:13)
  11 naga sharpshooters
  Nergalle (D:12)
  An ironbound beastmaster (Vaults:1)
  14 spriggans
  9 shock serpents
  4 salamander mystics
  2 deep trolls (Vaults:1)
  A fire crab (Lair:6)
  The ghost of RandomHacker the Conjurer, a novice PaCj of Qazlal (D:7)
  8 deep elf knights
  A goliath frog (Swamp:3)
  3 spriggan druids
  4 naga ritualists
  4 bog bodies
  9 swamp dragons
  6 ironbound convokers (Vaults:1)
  A wizard (Vaults:1)
  A lindwurm (Lair:5)
  11 deep elf archers
  4 orc knights (Orc:2)
  A phantasmal warrior (D:12)
  15 deep elf pyromancers
  20 deep elf zephyrmancers
  A mana viper (Snake:1)
  5 oklob plants
  5 ugly things
  5 manticores
  A wolf spider (D:14)
  A cyclops (D:13)
  6 orc sorcerers
  A centaur zombie (D:10)
  14 salamanders
  12 naga magi
  12 elephants
  2 vault sentinels (Vaults:1)
  Joseph (D:10)
  2 gargoyles
  3 guardian serpents
  33 black mambas
  13 cane toads
  2 molten gargoyles (Lair:6)
  10 rime drakes
  2 yaktaurs (Vaults:1)
  2 unseen horrors
  13 komodo dragons
  Psyche (D:12)
  An efreet (D:14)
  A wandering mushroom (Lair:5)
  6 trolls
  A bloated husk (Swamp:3)
  3 meliai (Lair:5)
  12 tyrant leeches
  A meliai (shapeshifter) (D:15)
  A polar bear (Lair:4)
  15 hornets
  A hornet (shapeshifter) (D:15)
  9 slime creatures
  A wolf spider simulacrum (D:14)
  16 blink frogs
  21 dream sheep
  3 air elementals
  12 wyverns
  3 water elementals
  A wraith (D:9)
  Grum (D:8)
  3 fire elementals (Elf:1)
  12 basilisks
  A human (D:14)
  19 yaks
  4 steam dragons
  5 wargs
  11 vampire mosquitoes
  42 nagas
  17 swamp worms
  17 water moccasins
  3 hell hounds (Lair:6)
  4 acid dragons
  33 orc warriors
  An ice beast (D:5)
  A hornet zombie (D:8)
  2 necrophages
  11 swamp drakes
  4 black bears
  5 ogres
  11 wolves
  12 centaurs
  Blork the orc (D:6)
  4 kobold brigands
  4 gnoll sergeants
  12 bullfrogs
  2 earth elementals
  A scorpion (D:6)
  A water moccasin skeleton (D:5)
  A water moccasin zombie (D:5)
  33 killer bees (Lair:5)
  5 wights
  3 electric eels (Lair:2)
  6 howler monkeys
  A crimson imp (D:7)
  5 lava snakes
  27 orc priests
  2 jellies
  A centaur skeleton (D:6)
  A gnoll shaman (D:7)
  3 hounds
  3 hell rats
  5 iguanas
  32 orc wizards
  A killer bee zombie (D:8)
  A hound zombie (D:5)
  A mummy (D:9)
  A howler monkey zombie (D:8)
  9 gnolls
  An adder (D:2)
  A shadow imp (D:5)
  An ufetubus (D:4)
  A worm (D:3)
  An adder skeleton (D:4)
  4 dart slugs
  62 orcs
  8 ball pythons
  2 bats
  7 endoplasms
  5 giant cockroaches
  3 goblins
  5 hobgoblins
  4 jackals (D:1)
  3 quokkas
  27 kobolds
  2 rats
  A bush (Lair:3)
1068 creatures vanquished.

Vanquished Creatures (collateral kills)
  A boulder beetle (Lair:6)
  A centaur warrior (D:8)
  A bog body (Swamp:1)
  A phantasmal warrior (D:13)
  3 ugly things (D:15)
  A salamander (Snake:3)
  A gargoyle (D:14)
  A queen bee (Lair:5)
  A cane toad (Lair:6)
  A rime drake (Lair:5)
  A kobold demonologist (D:11)
  5 yaks (Lair:6)
  A basilisk (Lair:6)
  3 nagas
  A water moccasin (D:4)
  2 ogres (D:4)
  A kobold brigand (D:11)
  4 killer bees (Lair:5)
  A hound (D:4)
  5 kobolds
36 creatures vanquished.

Vanquished Creatures (others)
  A hydra (Lair:5)
  An alligator (Swamp:4)
  A naga sharpshooter (Snake:4)
  A deep elf pyromancer (D:15)
  An elephant (Lair:5)
  A wyvern (Lair:5)
  A centaur zombie (D:10)
  A naga mage (Snake:4)
  A cane toad (Lair:5)
  A freezing wraith (D:13)
  2 bloated husks
  A steam dragon (D:6)
  A hell hound (Lair:6)
  A swamp worm (Swamp:4)
  A swamp drake (Swamp:4)
  An orc warrior (Orc:2)
  2 orcs (D:4)
  14 fungi
  75 plants
108 creatures vanquished.

Grand Total: 1212 creatures vanquished

Notes
Turn   | Place    | Note
-------+----------+-------------------------------------------
     0 | D:1      | inmateoo the Gnoll Chaos Knight began the quest for the
                  | Orb.
     0 | D:1      | Reached XP level 1. HP: 23/23 MP: 1/1
   105 | D:1      | Reached XP level 2. HP: 26/29 MP: 2/2
   307 | D:1      | XOM: potion effect (haste)
   317 | D:1      | Reached XP level 3. HP: 34/35 MP: 3/3
   840 | D:2      | XOM is BORED!
   840 | D:2      | XOM: noise
   865 | D:2      | Reached skill level 1 in Invocations
  1031 | D:2      | Reached skill level 1 in Short Blades
  1031 | D:2      | Reached skill level 1 in Long Blades
  1031 | D:2      | Reached skill level 1 in Axes
  1031 | D:2      | Reached skill level 1 in Maces & Flails
  1031 | D:2      | Reached skill level 1 in Polearms
  1031 | D:2      | Reached skill level 1 in Staves
  1031 | D:2      | Reached skill level 1 in Slings
  1031 | D:2      | Reached skill level 1 in Bows
  1031 | D:2      | Reached skill level 1 in Crossbows
  1031 | D:2      | Reached skill level 1 in Throwing
  1031 | D:2      | Reached skill level 1 in Stealth
  1031 | D:2      | Reached skill level 1 in Shields
  1031 | D:2      | Reached skill level 1 in Spellcasting
  1031 | D:2      | Reached skill level 1 in Evocations
  1466 | D:3      | Reached XP level 4. HP: 41/41 MP: 5/5
  1643 | D:3      | XOM: god gift: 3 scrolls of amnesia
  1911 | D:3      | XOM is BORED!
  1911 | D:3      | XOM: give mutations
  1911 | D:3      | Gained mutation: Your mind is acute. (Int +2) [Xom's
                  | mischief]
  1911 | D:3      | Lost mutation: Your mind is acute. (Int +2) [Xom's
                  | mischief]
  1911 | D:3      | Gained mutation: Your body sometimes deteriorates upon
                  | taking damage. [Xom's mischief]
  2090 | D:4      | Noticed an orc warrior
  2130 | D:4      | Reached skill level 1 in Conjurations
  2130 | D:4      | Reached skill level 1 in Hexes
  2130 | D:4      | Reached skill level 1 in Summonings
  2130 | D:4      | Reached skill level 1 in Necromancy
  2130 | D:4      | Reached skill level 1 in Translocations
  2130 | D:4      | Reached skill level 1 in Transmutations
  2130 | D:4      | Reached skill level 1 in Fire Magic
  2130 | D:4      | Reached skill level 1 in Ice Magic
  2130 | D:4      | Reached skill level 1 in Air Magic
  2130 | D:4      | Reached skill level 1 in Earth Magic
  2130 | D:4      | Reached skill level 1 in Poison Magic
  2130 | D:4      | XOM: 2-stop teleportation journey
  2167 | D:4      | XOM: swap monsters
  2178 | D:4      | Reached XP level 5. HP: 30/47 MP: 5/7
  2271 | D:4      | XOM: 6-stop teleportation journey
  2272 | D:4      | Noticed an ogre
  2272 | D:4      | Noticed an ogre
  2272 | D:4      | Noticed a water moccasin
  2286 | D:4      | Killed an ogre
  2288 | D:4      | XOM: fog
  2292 | D:4      | XOM: confuse monster(s)
  2293 | D:4      | Killed a water moccasin
  2294 | D:4      | Reached XP level 6. HP: 53/53 MP: 8/8
  2298 | D:4      | Reached skill level 5 in Armour
  2455 | D:4      | XOM: destruction
  2508 | D:4      | XOM: blink monster(s)
  2530 | D:4      | XOM: polymorph worm -> centaur
  2531 | D:4      | XOM: polymorph centaur -> howler monkey
  2537 | D:4      | XOM: swap monsters
  2542 | D:4      | XOM: polymorph shadow imp -> ufetubus
  2544 | D:4      | XOM: scenery: create altars
  2546 | D:4      | Reached skill level 2 in Staves
  2550 | D:4      | Killed an orc warrior
  2551 | D:4      | Reached XP level 7. HP: 17/59 MP: 8/10
  2687 | D:4      | XOM: noise
  2746 | D:4      | XOM: god gift: +2 hand axe of flaming
  3107 | D:5      | Entered Level 5 of the Dungeon
  3277 | D:5      | XOM: give mutations
  3277 | D:5      | Gained mutation: You sometimes lose the ability to read
                  | scrolls when taking damage. [Xom's mischief]
  3277 | D:5      | Lost mutation: You sometimes lose the ability to read
                  | scrolls when taking damage. [Xom's mischief]
  3280 | D:5      | Noticed a yak
  3280 | D:5      | Noticed a yak
  3280 | D:5      | Noticed a yak
  3285 | D:5      | XOM: summons 7 friendly demons
  3288 | D:5      | XOM: 1-stop teleportation journey
  3368 | D:5      | Reached XP level 8. HP: 64/67 MP: 12/12
  3447 | D:5      | Reached skill level 3 in Staves
  3581 | D:5      | XOM: swap monsters
  3659 | D:5      | a yak changed into a water moccasin
  3659 | D:5      | XOM: polymorph yak -> water moccasin
  3669 | D:5      | XOM: enchant monster (bad)
  3678 | D:5      | XOM: polymorph something unseen -> steam dragon
  3807 | D:5      | XOM: 1-stop teleportation journey
  4022 | D:5      | XOM: give mutations
  4022 | D:5      | Lost mutation: Your body sometimes deteriorates upon taking
                  | damage. [Xom's mischief]
  4022 | D:5      | Gained mutation: Your body sometimes deteriorates upon
                  | taking damage. [Xom's mischief]
  4022 | D:5      | Gained mutation: You occasionally shout uncontrollably at
                  | your foes. [Xom's mischief]
  4118 | D:6      | XOM: swap monsters
  4162 | D:6      | Found a staircase to the Ecumenical Temple.
  4228 | D:6      | Noticed a wyvern
  4234 | D:6      | XOM: noise
  4247 | D:6      | XOM: divination: detect items
  4252 | D:6      | Killed a wyvern
  4261 | D:6      | Noticed Blork the orc
  4287 | D:6      | XOM: confuse monster(s)
  4291 | D:6      | Killed Blork the orc
  4335 | D:6      | XOM: enchant monster (good)
  4348 | D:6      | XOM: torment (25/67 hp)
  4353 | D:6      | XOM: divine lightning
  4354 | D:6      | Reached XP level 9. HP: 20/73 MP: 14/14
  4385 | D:6      | XOM: silly message
  4478 | D:6      | Learned a level 4 spell: Sticky Flame
  4793 | D:6      | XOM: 2-stop teleportation journey
  4874 | D:6      | XOM is BORED!
  4874 | D:6      | XOM: draining
  4882 | D:6      | XOM: draining
  4894 | D:6      | XOM: summons 5 hostile demons
  5081 | D:7      | XOM: confuse monster(s)
  5095 | D:7      | XOM: noise
  5118 | D:7      | Reached skill level 4 in Staves
  5121 | D:7      | XOM: polymorph white imp -> crimson imp
  5286 | D:7      | XOM: 5-stop teleportation journey
  5297 | D:7      | Reached skill level 5 in Dodging
  5733 | D:7      | Found a transporter.
  5733 | D:7      | Found a transporter.
  5813 | D:7      | Identified the amulet "Kogodgh" {RegenMP rF+ rC+ Int+4}
  5840 | D:7      | XOM: divination: magic mapping
  5871 | D:7      | Noticed RandomHacker's ghost (novice PaCj)
  5874 | D:7      | XOM: confusion
  5887 | D:7      | XOM: polymorph gnoll sergeant -> orc
  5900 | D:7      | XOM: summons 3 hostile demons
  5901 | D:7      | Noticed a rust devil
  5901 | D:7      | Noticed a smoke demon
  5904 | D:7      | XOM: confuse monster(s)
  5922 | D:7      | XOM: god gift: scroll of noise
  6005 | D:7      | XOM: silly message
  6006 | D:7      | XOM: confuse monster(s)
  6114 | D:7      | XOM: noise
  6136 | D:7      | Killed RandomHacker's ghost
  6137 | D:7      | Reached skill level 5 in Invocations
  6192 | D:7      | XOM: stat loss: -1 Str (10/11)
  6293 | D:7      | Reached XP level 10. HP: 80/80 MP: 17/17
  6325 | D:8      | Reached skill level 5 in Staves
  6441 | D:8      | XOM: god gift: small agate ring {god gift}
  6460 | D:8      | XOM: confuse monster(s)
  6545 | D:8      | Noticed a centaur warrior
  6549 | D:8      | XOM: smoke on damage
  6561 | D:8      | XOM: enchant monster (good)
  6565 | D:8      | XOM: summons 6 friendly demons
  6569 | D:8      | Killed a centaur warrior
  6570 | D:8      | Reached skill level 5 in Short Blades
  6570 | D:8      | Reached skill level 5 in Long Blades
  6570 | D:8      | Reached skill level 5 in Axes
  6570 | D:8      | Reached skill level 5 in Maces & Flails
  6570 | D:8      | Reached skill level 5 in Polearms
  6570 | D:8      | Reached skill level 5 in Slings
  6570 | D:8      | Reached skill level 5 in Bows
  6570 | D:8      | Reached skill level 5 in Crossbows
  6570 | D:8      | Reached skill level 5 in Throwing
  6570 | D:8      | Reached skill level 5 in Stealth
  6570 | D:8      | Reached skill level 5 in Shields
  6570 | D:8      | Reached skill level 5 in Spellcasting
  6570 | D:8      | Reached skill level 5 in Evocations
  6780 | D:8      | Found an opulent altar of Gozag.
  6792 | D:8      | Noticed Grum
  6809 | D:8      | XOM: enchant monster (good)
  6815 | D:8      | Killed Grum
  6918 | D:8      | Identified the +10 great sword of Zeppett {venom, rN+ Str+3
                  | Stlth+}
  6951 | D:8      | XOM: god gift: Young Poisoner's Handbook
  6958 | D:8      | Learned a level 4 spell: Olgreb's Toxic Radiance
  6962 | D:8      | Learned a level 3 spell: Ignite Poison
  6972 | D:8      | Reached skill level 6 in Staves
  7125 | D:9      | Found Cauny's General Store.
  7136 | D:9      | XOM: enchant monster (good)
  7302 | D:9      | XOM: summons 5 friendly demons
  7405 | D:9      | XOM: god gift: book of Death
  7504 | D:9      | Found Xilac's Armour Shoppe.
  7560 | D:9      | Found Regag's Assorted Antiques.
  7568 | D:9      | Bought an inky potion for 22 gold pieces
  7568 | D:9      | Bought a potion of curing for 75 gold pieces
  7568 | D:9      | Bought a scroll of teleportation for 75 gold pieces
  7743 | D:9      | Found Murph's Jewellery Shop.
  7923 | D:9      | Found a snail-covered altar of Cheibriados.
  8186 | D:10     | Entered Level 10 of the Dungeon
  8324 | D:10     | Noticed Joseph
  8350 | D:10     | Noticed Fannar
  8352 | D:10     | XOM: potion effect (might)
  8370 | D:10     | Killed Fannar
  8400 | D:10     | XOM: scenery: 1 doors open, 1 doors close
  8408 | D:10     | Reached XP level 11. HP: 87/87 MP: 19/19
  8451 | D:10     | XOM: divination: magic mapping
  8586 | D:10     | Killed Joseph
  8587 | D:10     | Reached skill level 7 in Staves
  8611 | D:10     | Found an iron altar of Okawaru.
  8614 | D:10     | Found a broken altar of Ashenzari.
  8615 | D:10     | Found a shadowy altar of Dithmenos.
  8616 | D:10     | Found a shimmering altar of Xom.
  8616 | D:10     | Found a blossoming altar of Fedhas.
  8616 | D:10     | Noticed a two-headed ogre
  8623 | D:10     | XOM: cast spell 'Summon Mana Viper'
  8626 | D:10     | Killed a two-headed ogre
  8627 | D:10     | Reached skill level 5 in Conjurations
  8627 | D:10     | Reached skill level 5 in Hexes
  8627 | D:10     | Reached skill level 5 in Summonings
  8627 | D:10     | Reached skill level 5 in Necromancy
  8627 | D:10     | Reached skill level 5 in Translocations
  8627 | D:10     | Reached skill level 5 in Transmutations
  8627 | D:10     | Reached skill level 5 in Fire Magic
  8627 | D:10     | Reached skill level 5 in Ice Magic
  8627 | D:10     | Reached skill level 5 in Air Magic
  8627 | D:10     | Reached skill level 5 in Earth Magic
  8627 | D:10     | Reached skill level 5 in Poison Magic
  8638 | D:10     | Noticed Snorg
  8646 | D:10     | Noticed Snorg
  8646 | D:10     | Snorg changed into Snorg the guardian serpent
  8646 | D:10     | XOM: polymorph Snorg -> Snorg the guardian serpent
  8648 | D:10     | XOM: enchant monster (good)
  8658 | D:10     | Killed Snorg the guardian serpent
  8752 | D:10     | XOM: 2-stop teleportation journey
  8767 | D:10     | Noticed a two-headed ogre
  8778 | D:10     | Killed a two-headed ogre
  8795 | D:10     | XOM: summons 1 hostile demon
  8828 | D:10     | XOM: potion effect (curing)
  8837 | D:10     | XOM: divine lightning
  8991 | D:10     | XOM: polymorph wyvern -> acid dragon
  9028 | D:10     | XOM: give mutations
  9028 | D:10     | Gained mutation: You are strong-willed. (Will+) [Xom's
                  | grace]
  9028 | D:10     | Gained mutation: You evolve. [Xom's grace]
  9028 | D:10     | Gained mutation: You passively dampen the noise of your
                  | surroundings. [Xom's grace]
  9128 | D:11     | XOM: silly message
  9236 | D:11     | XOM: god gift: potion of flight
  9269 | D:11     | Identified the +2 ring mail "Yxkas" {Str+5 Int+2}
  9296 | D:11     | Noticed a two-headed ogre
  9301 | D:11     | Killed a two-headed ogre
  9325 | D:11     | Found Intuuk's Pet Rocks.
  9332 | D:11     | XOM: potion effect (invisibility)
  9350 | D:11     | XOM: enchant monster (bad)
  9365 | D:11     | Noticed a red ugly thing
  9416 | D:11     | XOM: divination: magic mapping
  9423 | D:11     | Killed a red ugly thing
  9424 | D:11     | Reached skill level 8 in Staves
  9519 | D:11     | Found a staircase to the Lair.
  9519 | D:11     | Noticed an oklob plant
  9689 | D:11     | XOM: divination: magic mapping
  9735 | D:11     | Killed an oklob plant
  9880 | D:11     | XOM is BORED!
  9963 | D:11     | XOM: divination: detect items
  9966 | D:11     | XOM: smoke on damage
 10073 | D:12     | Noticed Nergalle
 10085 | D:12     | Killed Nergalle
 10133 | D:12     | Noticed a two-headed ogre
 10135 | D:12     | Noticed Psyche
 10148 | D:12     | Killed a two-headed ogre
 10149 | D:12     | Reached XP level 12. HP: 96/96 MP: 22/22
 10155 | D:12     | Killed Psyche
 10297 | D:12     | Found a portal to a secret trove of treasure.
 10369 | D:12     | Found a staircase to the Orcish Mines.
 10644 | D:12     | XOM: silly message
 10687 | D:13     | Noticed a death knight
 10691 | D:13     | XOM: god gift: scroll of immolation
 10699 | D:13     | XOM: fog
 10822 | D:13     | XOM: butterfly on damage
 10976 | D:13     | Noticed Erolcha
 10984 | D:13     | Lost mutation: You evolve. [end of evolution]
 10985 | D:13     | XOM: god gift: mace {god gift}
 10994 | D:13     | XOM: confuse monster(s)
 10996 | D:13     | Killed Erolcha
 11035 | D:13     | XOM: summons friendly ufetubus
 11041 | D:13     | XOM: scenery: summon butterflies
 11064 | D:13     | XOM: fog
 11077 | D:13     | XOM: noise
 11139 | D:13     | XOM: confuse monster(s)
 11151 | D:13     | XOM: butterfly on damage
 11156 | D:13     | Killed a death knight
 11157 | D:13     | Reached skill level 9 in Staves
 11379 | D:13     | Found a large runed translucent door.
 11380 | D:13     | Found a large runed translucent door.
 11432 | D:13     | Noticed a two-headed ogre
 11468 | D:13     | Killed a two-headed ogre
 11470 | D:13     | Noticed Urug
 11471 | D:13     | XOM: chaos upgrade
 11471 | D:13     | Noticed a two-headed ogre
 11476 | D:13     | Killed Urug
 11478 | D:13     | Killed a two-headed ogre
 11537 | D:13     | Reached skill level 10 in Fighting
 11537 | D:13     | Reached skill level 10 in Unarmed Combat
 11537 | D:13     | Noticed Gonodgh's ghost (journeyman MiFi)
 11680 | D:13     | Noticed a two-headed ogre
 11686 | D:13     | Killed a two-headed ogre
 11689 | D:13     | XOM: summons 4 hostile demons
 11887 | D:13     | Noticed a tengu warrior
 11895 | D:13     | Killed a tengu warrior
 11954 | D:13     | Noticed a boulder beetle
 11985 | D:13     | Killed a boulder beetle
 12323 | D:13     | Reached skill level 10 in Staves
 12323 | D:13     | Reached XP level 13. HP: 86/103 MP: 24/24
 12370 | D:13     | XOM: silly message
 12487 | D:13     | Learned a level 5 spell: Borgnjor's Vile Clutch
 12561 | D:14     | Noticed a rakshasa
 12570 | D:14     | XOM: enchant monster (bad)
 12579 | D:14     | Killed a rakshasa
 12731 | D:14     | XOM: swap monsters
 12773 | D:14     | XOM: god gift: shiny glass wand {god gift}
 12793 | D:14     | XOM: 5-stop teleportation journey
 12794 | D:14     | Noticed a vault guard
 13091 | D:14     | Noticed a vault guard
 13219 | D:14     | XOM: smoke on damage
 13625 | D:14     | Killed a vault guard
 13666 | D:14     | Killed a vault guard
 13676 | D:14     | Noticed a vault guard
 13691 | D:14     | Killed a vault guard
 13967 | D:14     | XOM is BORED!
 13967 | D:14     | XOM: noise
 13996 | D:14     | Found a gate to the Vaults.
 13996 | D:14     | Noticed a vault guard
 13997 | D:14     | Noticed a vault guard
 14013 | D:14     | Killed a vault guard
 14017 | D:14     | Killed a vault guard
 14103 | D:14     | XOM: summons friendly crimson imp
 14702 | D:15     | Entered Level 15 of the Dungeon
 14706 | D:15     | XOM: polymorph five-headed hydra -> shapeshifter
 14727 | D:15     | Reached skill level 11 in Staves
 14799 | D:14     | XOM: god gift: book of Touch
 14888 | D:15     | XOM: 3-stop teleportation journey
 14892 | D:15     | XOM: polymorph green ugly thing -> cyan ugly thing
 14894 | D:15     | XOM: scenery: create altars
 14895 | D:15     | XOM: cast spell 'Discord'
 14926 | D:15     | XOM: summons friendly quasit
 14969 | D:14     | XOM: give mutations
 14969 | D:14     | Gained mutation: You expend magic power (3 MP) to
                  | strengthen your wands. [Xom's grace]
 14969 | D:14     | Gained mutation: You possess an exceptional clarity of
                  | mind. [Xom's grace]
 14969 | D:14     | Gained mutation: You evolve. [Xom's grace]
 14969 | D:14     | Gained mutation: Your system is resistant to poisons.
                  | (rPois) [Xom's grace]
 15032 | D:15     | XOM: potion effect (invisibility)
 15118 | D:15     | XOM: divination: detect items
 15162 | D:15     | Reached XP level 14. HP: 111/111 MP: 26/26
 15298 | D:15     | XOM: 5-stop teleportation journey
 15694 | D:15     | XOM: draining
 15747 | D:15     | XOM: summons 1 hostile shadow creature
 15748 | D:15     | XOM: blink monster(s)
 15765 | D:15     | Reached skill level 10 in Armour
 15921 | D:15     | Found a staircase to the Depths.
 16101 | Lair:1   | Entered Level 1 of the Lair of Beasts
 16102 | Lair:1   | XOM: 1-stop teleportation journey
 16376 | Lair:1   | XOM: polymorph bullfrog -> swamp drake
 16420 | Lair:1   | XOM: god gift: 7 silver javelins
 16796 | Lair:1   | XOM is BORED!
 16895 | Lair:1   | Noticed Harold
 16910 | Lair:1   | XOM: give mutations
 16910 | Lair:1   | Gained mutation: Your mind is acute. (Int +2) [Xom's grace]
 16910 | Lair:1   | Gained mutation: Your mind is very acute. (Int +4) [Xom's
                  | grace]
 16910 | Lair:1   | Gained mutation: You have a pair of small horns on your
                  | head. [Xom's grace]
 16910 | Lair:1   | Gained mutation: You are agile. (Dex +2) [Xom's grace]
 16911 | Lair:1   | Killed Harold
 17348 | Lair:2   | XOM: 1-stop teleportation journey
 17505 | Lair:2   | XOM: destruction
 17511 | Lair:2   | XOM: 2-stop teleportation journey
 17518 | Lair:2   | Reached skill level 10 in Invocations
 17582 | Lair:2   | XOM: confuse monster(s)
 17740 | Lair:2   | Found a staircase to the Swamp.
 18283 | Lair:3   | XOM: divination: detect items
 18294 | Lair:3   | Reached skill level 12 in Staves
 18342 | Lair:3   | XOM: scenery: 1 doors open, 1 doors close
 18378 | Lair:3   | XOM: cloud trail
 18588 | Lair:3   | Found a staircase to the Snake Pit.
 18840 | Lair:4   | XOM: enchant monster (bad)
 18861 | Lair:4   | XOM: scenery: 1 doors open
 18887 | Lair:4   | XOM: 2-stop teleportation journey
 18914 | Lair:4   | XOM: potion effect (invisibility)
 18933 | Lair:4   | XOM: potion effect (heal wounds)
 18970 | Lair:4   | XOM: divination: detect items
 19019 | Lair:4   | XOM: divination: detect items
 19360 | Lair:5   | XOM: potion effect (magic)
 19374 | Lair:5   | XOM: silly message
 19378 | Lair:5   | XOM: cast spell 'Alistair's Intoxication'
 19381 | Lair:5   | XOM: summons friendly shadow imp
 19383 | Lair:5   | Reached skill level 10 in Dodging
 19384 | Lair:5   | XOM: noise
 19386 | Lair:5   | Reached XP level 15. HP: 85/119 MP: 7/28
 19404 | Lair:5   | XOM: confuse monster(s)
 19409 | Lair:5   | XOM: divination: magic mapping
 19441 | Lair:5   | XOM: noise
 19543 | Lair:5   | You fall into a shaft and drop 1 floor!
 19543 | Lair:6   | Entered Level 6 of the Lair of Beasts
 19737 | Lair:5   | Found a staircase to the Slime Pits.
 19737 | Lair:5   | Found a viscous altar of Jiyva.
 19856 | Lair:5   | XOM: potion effect (might)
 19956 | Lair:5   | XOM: enchant monster (bad)
 19981 | Lair:5   | Reached skill level 10 in Short Blades
 19981 | Lair:5   | Reached skill level 10 in Long Blades
 19981 | Lair:5   | Reached skill level 10 in Axes
 19981 | Lair:5   | Reached skill level 10 in Maces & Flails
 19981 | Lair:5   | Reached skill level 10 in Polearms
 19981 | Lair:5   | Reached skill level 10 in Slings
 19981 | Lair:5   | Reached skill level 10 in Bows
 19981 | Lair:5   | Reached skill level 10 in Crossbows
 19981 | Lair:5   | Reached skill level 10 in Throwing
 19981 | Lair:5   | Reached skill level 10 in Stealth
 19981 | Lair:5   | Reached skill level 10 in Shields
 19981 | Lair:5   | Reached skill level 10 in Spellcasting
 19981 | Lair:5   | Reached skill level 10 in Evocations
 20205 | Lair:5   | XOM: polymorph oklob plant -> wandering mushroom
 20423 | Lair:6   | XOM: noise
 20437 | Lair:6   | Lost mutation: You expend magic power (3 MP) to strengthen
                  | your wands. [evolution]
 20438 | Lair:6   | Reached skill level 13 in Staves
 20449 | Lair:5   | XOM: noise
 20502 | Lair:6   | XOM: confuse monster(s)
 20604 | Lair:6   | XOM: divination: detect items
 20697 | Lair:6   | XOM: cast spell 'Call Canine Familiar'
 20722 | Lair:6   | Learned a level 5 spell: Blade Hands
 20745 | Lair:6   | XOM: 1-stop teleportation journey
 21095 | Lair:6   | XOM: swap monsters
 21176 | Lair:6   | XOM: give mutations
 21176 | Lair:6   | Lost mutation: You are strong-willed. (Will+) [Xom's
                  | mischief]
 21176 | Lair:6   | Lost mutation: Your mind is very acute. (Int +4) [Xom's
                  | mischief]
 21276 | Lair:6   | Learned a level 2 spell: Wereblood
 21444 | Lair:6   | XOM: smoke on damage
 21506 | Lair:6   | XOM: god gift: 25 stones
 21552 | Lair:6   | Found a large runed translucent door.
 21553 | Lair:6   | Found a large runed translucent door.
 21587 | Lair:6   | XOM: enchant monster (good)
 21590 | Lair:6   | Reached XP level 16. HP: 127/127 MP: 25/30
 21909 | D:9      | Fell from the grace of Xom
 21909 | D:9      | Became a worshipper of Cheibriados the Contemplative
 22037 | Orc:1    | Entered Level 1 of the Orcish Mines
 22140 | Orc:2    | Entered Level 2 of the Orcish Mines
 22140 | Orc:2    | Found a staircase to the Elven Halls.
 22174 | Orc:2    | Reached * piety under Cheibriados
 22246 | Orc:1    | XOM: 2-stop teleportation journey
 22539 | Orc:1    | Reached ** piety under Cheibriados
 22548 | Orc:1    | Found a runed translucent gate.
 22548 | Orc:1    | Found a runed translucent gate.
 22548 | Orc:1    | Found a runed translucent gate.
 22681 | Orc:1    | Noticed Nattefrost's ghost (journeyman MfBe)
 22798 | Orc:1    | Noticed blexxed's ghost (journeyman DsFi)
 23054 | Orc:2    | Reached *** piety under Cheibriados
 23212 | Orc:2    | Found Sovolian's General Store.
 23225 | Orc:2    | Found Woaficem's Antique Weapon Shoppe.
 23228 | Orc:2    | Found Laiheo's Book Shoppe.
 23260 | Orc:2    | Found Yzxieg's Antique Armour Shoppe.
 23336 | Orc:2    | Bought 2 scrolls of blinking for 165 gold pieces
 23348 | Orc:2    | XOM: silly message
 23436 | Orc:2    | Reached **** piety under Cheibriados
 23452 | Orc:2    | XOM: divination: detect creatures
 23757 | Orc:2    | Bought a book of Spatial Translocations for 364 gold pieces
 23760 | Orc:2    | Learned a level 2 spell: Blink
 23797 | Elf:1    | Entered Level 1 of the Elven Halls
 23944 | Elf:1    | Noticed Aizul
 23952 | Elf:1    | Learned a level 2 spell: Passwall
 23995 | Elf:1    | Killed Aizul
 23996 | Elf:1    | Reached skill level 14 in Staves
 24009 | Elf:1    | Noticed Louise
 24018 | Elf:1    | Cast into level 2 of the Abyss (Louise)
 24054 | Abyss:2  | XOM: noise
 24111 | Abyss:2  | Noticed a tentacled starspawn
 24134 | Elf:1    | Escaped the Abyss
 24146 | Elf:1    | Killed Louise
 24218 | Elf:1    | XOM: 1-stop teleportation journey
 24352 | Elf:1    | Reached ***** piety under Cheibriados
 24415 | Elf:1    | Identified the +0 pair of gloves "Ducoar" {Will+ Str+4
                  | Stlth+}
 24415 | Elf:1    | Noticed Nikola
 24423 | Elf:1    | Killed Nikola
 24756 | Elf:1    | Got Tyzang's Reference Book on Companions
 24859 | Elf:1    | XOM: give mutations
 24859 | Elf:1    | Gained mutation: You are frail. (-10% HP) [Xom's mischief]
 24859 | Elf:1    | Gained mutation: You are very frail. (-20% HP) [Xom's
                  | mischief]
 24859 | Elf:1    | Lost mutation: Your system is resistant to poisons. (rPois)
                  | [Xom's mischief]
 25063 | Elf:1    | XOM: god gift: wand of acid (10)
 25107 | Elf:1    | Reached XP level 17. HP: 99/108 MP: 19/32
 25107 | Elf:1    | Paralysed by an air elemental for 1 turns
 25112 | Elf:1    | Paralysed by an air elemental for 1 turns
 25269 | Elf:1    | Paralysed by an air elemental for 1 turns
 25428 | Elf:1    | Found a runed translucent gate.
 25428 | Elf:1    | Found a runed translucent gate.
 25428 | Elf:1    | Found a runed translucent gate.
 25428 | Elf:1    | Found a runed translucent gate.
 25428 | Elf:1    | Found a runed translucent gate.
 25429 | Elf:1    | Found a runed translucent gate.
 26046 | Elf:1    | XOM: noise
 26190 | Elf:2    | XOM: stat loss: -2 Int (35/37)
 26230 | Elf:2    | Paralysed by an air elemental for 1 turns
 26233 | Elf:2    | Found a huge runed translucent gate.
 26233 | Elf:2    | Found a huge runed translucent gate.
 26233 | Elf:2    | Found a huge runed translucent gate.
 26233 | Elf:2    | Found a huge runed translucent gate.
 26233 | Elf:2    | Found a huge runed translucent gate.
 26975 | Elf:2    | XOM: stat loss: -2 Dex (23/26)
 27155 | Elf:2    | Paralysed by an air elemental for 1 turns
 27157 | Elf:2    | Paralysed by an air elemental for 1 turns
 27231 | Elf:2    | Reached skill level 15 in Staves
 27284 | Elf:2    | Found an ancient bone altar of Kikubaaqudgha.
 27295 | Elf:2    | Found Wurukury's Book Shoppe.
 27305 | Elf:2    | Bought a book of Stone for 504 gold pieces
 27312 | Elf:2    | Learned a level 6 spell: Statue Form
 27556 | Snake:1  | XOM: noise
 27556 | Snake:1  | Entered Level 1 of the Snake Pit
 27616 | Snake:1  | Reached ****** piety under Cheibriados
 27894 | Snake:1  | Reached skill level 10 in Conjurations
 27894 | Snake:1  | Reached skill level 10 in Hexes
 27894 | Snake:1  | Reached skill level 10 in Summonings
 27894 | Snake:1  | Reached skill level 10 in Necromancy
 27894 | Snake:1  | Reached skill level 10 in Translocations
 27894 | Snake:1  | Reached skill level 10 in Transmutations
 27894 | Snake:1  | Reached skill level 10 in Fire Magic
 27894 | Snake:1  | Reached skill level 10 in Ice Magic
 27894 | Snake:1  | Reached skill level 10 in Air Magic
 27894 | Snake:1  | Reached skill level 10 in Earth Magic
 27894 | Snake:1  | Reached skill level 10 in Poison Magic
 27915 | Snake:1  | Gained mutation: A frigid envelope surrounds you and
                  | freezes all who hurt you. [evolution]
 27985 | Snake:1  | You fall into a shaft and drop 1 floor!
 27985 | Snake:2  | XOM: noise
 28682 | Snake:2  | Found Kaink's Weapon Shoppe.
 28779 | Snake:2  | XOM: give mutations
 28779 | Snake:2  | Lost mutation: Your mind is acute. (Int +2) [Xom's
                  | mischief]
 28779 | Snake:2  | Gained mutation: You are covered in fur. (AC +1) [Xom's
                  | mischief]
 28788 | Snake:2  | Found Inoid's Book Boutique.
 28793 | Snake:2  | Bought a book of Fire for 880 gold pieces
 28804 | Snake:2  | Learned a level 5 spell: Manifold Assault
 28829 | Snake:2  | XOM: torment (100/141 hp)
 28950 | Snake:2  | Found Ilova's Antique Armour Shop.
 28959 | Snake:2  | Bought a pair of glowing boots for 217 gold pieces
 28962 | Snake:2  | Bought a shiny kite shield for 217 gold pieces
 29077 | Snake:2  | Found Tickegit's Book Emporium.
 29208 | Snake:2  | Reached XP level 18. HP: 114/114 MP: 27/33
 29220 | Snake:2  | Noticed Donald
 29224 | Snake:2  | Killed Donald
 29562 | Snake:2  | XOM: stat loss: -2 Str (26/28)
 29840 | Snake:3  | XOM: summons 1 hostile shadow creature
 29853 | Snake:3  | Noticed Vashnia
 29880 | Snake:3  | Killed Vashnia
 30158 | Snake:3  | Identified the +1 plate armour of the Tuna {+Inv rC+ Int+3}
 30533 | Snake:3  | XOM: stat loss: -1 Dex (27/28)
 30703 | Snake:4  | Entered Level 4 of the Snake Pit
 30955 | Snake:4  | Reached skill level 16 in Staves
 30978 | Snake:4  | Learned a level 8 spell: Ignition
 31003 | Snake:4  | XOM: draining
 31128 | Snake:4  | Found a runed translucent gate.
 31128 | Snake:4  | Found a runed translucent gate.
 31128 | Snake:4  | Found a runed translucent gate.
 31179 | Snake:4  | XOM: summons 1 hostile demon
 31780 | Snake:4  | XOM: give mutations
 31780 | Snake:4  | Lost mutation: You are agile. (Dex +2) [Xom's mischief]
 31780 | Snake:4  | Lost mutation: A frigid envelope surrounds you and freezes
                  | all who hurt you. [Xom's mischief]
 31780 | Snake:4  | Gained mutation: Your natural rate of healing is unusually
                  | fast. [Xom's mischief]
 31780 | Snake:4  | Lost mutation: You are very frail. (-20% HP) [Xom's
                  | mischief]
 31798 | Snake:4  | Reached XP level 19. HP: 135/135 MP: 35/35
 31827 | Snake:4  | Got a serpentine rune of Zot
 31958 | Snake:4  | Noticed Tungsten's ghost (adept VSWz)
 31972 | Snake:4  | Killed Tungsten's ghost
 32093 | Lair:2   | XOM: give mutations
 32093 | Lair:2   | Lost mutation: Your body sometimes deteriorates upon taking
                  | damage. [Xom's mischief]
 32093 | Lair:2   | Lost mutation: Your natural rate of healing is unusually
                  | fast. [Xom's mischief]
 32093 | Lair:2   | Lost mutation: You passively dampen the noise of your
                  | surroundings. [Xom's mischief]
 32093 | Lair:2   | Gained mutation: You sometimes lose the ability to read
                  | scrolls when taking damage. [Xom's mischief]
 32093 | Lair:2   | Was forgiven by Xom
 32236 | D:9      | Bought a ring of protection from cold for 300 gold pieces
 32236 | D:9      | Bought a ring of willpower for 300 gold pieces
 32413 | Swamp:1  | Entered Level 1 of the Swamp
 32809 | Swamp:1  | Identified Roxanne's Guide on the Rocks
 32809 | Swamp:1  | Noticed Roxanne
 32820 | Swamp:1  | Killed Roxanne
 33000 | Swamp:1  | Noticed Jorgrun
 33025 | Swamp:1  | Killed Jorgrun
 34502 | Swamp:4  | Entered Level 4 of the Swamp
 34552 | Swamp:4  | Reached skill level 17 in Staves
 34952 | Swamp:4  | Noticed the 27-headed Lernaean hydra
 34956 | Swamp:4  | Killed the 27-headed Lernaean hydra
 34957 | Swamp:4  | Reached XP level 20. HP: 116/144 MP: 37/37
 34970 | Swamp:4  | Got a decaying rune of Zot
 35527 | Vaults:1 | Entered Level 1 of the Vaults
 35743 | Vaults:1 | HP: 1/144 [ironbound beastmaster (30)]
 35743 | Vaults:1 | Slain by an ironbound beastmaster

Illustrated notes

Levels and vault maps discovered:
D:1:      noname_arrival_rooms_in_the_neighbourhood, layout_loops_cross,
          hex_tiny
D:2:      layout_basic, feat_on_display
D:3:      layout_basic, hangedman_decor_slide_cut
D:4:      layout_loops_ring
D:5:      layout_cave_pods, kennysheep_generic_room_6
D:6:      layout_loops_ring, minmay_temple_entry_glassed_door,
          uniq_blork_the_orc
D:7:      layout_basic, gammafunk_ghost_gnarly_gnolls
D:8:      layout_layer_cave, nicolae_gozag_cash_rules_everything_around_me,
          uniq_grum
D:9:      layout_stronghold, slow_altar_1, serial_shops, shop_fountains,
          nicolae_inconvenience_store, shop, nicolae_shop_statue_plus,
          minmay_misc_feat_square
D:10:     layout_gridville, grunt_temple_overflow_open, uniq_snorg, uniq_joseph,
          uniq_fannar
D:11:     layout_basic, dpeg_oklobed_lair, guppyfry_shop_earth
D:12:     layout_rooms, orc_0_dummy, nicolae_trove_entry_crossroad,
          kennysheep_another_room, uniq_psyche, uniq_nergalle
D:13:     layout_layer_cave, ebering_ghost_disaster_area, uniq_erolcha,
          uniq_urug
D:14:     layout_roguey, grunt_vaults_entry_fortified
D:15:     grunt_enter_depths_hoard, layout_long_grid, hangedman_decor_points
Lair:1:   layout_cave_pods, uniq_harold
Lair:2:   layout_hall_layers, palyth_hydra_swamp_entry, serial_bayou,
          serial_bayou_pond_d, serial_bayou_shore_b, serial_bayou_lagoon_a,
          serial_bayou_pond_e, serial_bayou_pond_e, serial_bayou_lake_a
Lair:3:   layout_roguey, dummy_snake_entry, minmay_lair_oklob_bushes
Lair:4:   layout_roguey
Lair:5:   hangedman_what_comes_after_a, layout_gridlike, slime_altar_1,
          nzn_sisyphean_effort
Lair:6:   cheibrodos_lair_end_hotspot, layout_cave_pods, special_room
          [special_room_mythical_zoo]
Swamp:1:  layout_basic_swamp, evilmike_swamp_ruin_house_5, uniq_jorgrun,
          uniq_roxanne
Swamp:2:  layout_falls_marsh, evilmike_swamp_ruin_house_3
Swamp:3:  layout_basic_swamp, evilmike_swamp_ruin_house_6
Swamp:4:  swamp_basic_johnstein, layout_basic_swamp
Snake:1:  layout_honeycomb, drop_trap, nicolae_snake_omega
Snake:2:  layout_basic, serial_shops, nicolae_shop_crystal,
          nicolae_stop_n_shop_1, shop, nicolae_square_shop, uniq_donald
Snake:3:  layout_basic, uniq_vashnia
Snake:4:  minmay_snake_end_coiled, layout_gridlike, ebering_ghost_rock_garden
Orc:1:    layout_caves, gammafunk_ghost_cemetery
Orc:2:    grunt_orc_cross, layout_caves
Elf:1:    minmay_elf_arrival_summoners, layout_geoelf_diagonals, orc_legates,
          nicolae_elf_big_sculpture_3, minmay_elf_demonology, uniq_nikola,
          uniq_louise, uniq_aizul
Elf:2:    elven_hall_of_blades_hangedman_alternative [nicolae_blade_bullseye],
          layout_gridlike, basic_altar, serial_shops,
          nicolae_shop_window_shopping, uniq_azrael
Vaults:1: nicolae_vaults_little_squares_3, hangedman_vaults_stagger,
          hangedman_vaults_nails, vaults_dpeg_cross, vaults_room_fancy_cross,
          nicolae_vaults_what_the_h, nicolae_vaults_theta,
          nicolae_vaults_yaktaur_gun_rack, v_misc_2, v_pattern_5,
          layout_vaults_omnicross, serial_shops, shop

Skill      XL: |  1  2  3  4  5  6  7  8  9 10 11 12 13 14 15 16 17 18 19 |
---------------+----------------------------------------------------------+-----
Invocations    | 1 2 3 4 5 6 7 8 9 10 11 12 13 14 | 14.3
Short Blades   | 1 2 3 4 5 6 7 8 9 10 11 12 13 | 13.2
Long Blades    | 1 2 3 4 5 6 7 8 9 10 11 12 13 | 13.2
Axes           | 1 2 3 4 5 6 7 8 9 10 11 12 13 | 13.2
Maces & Flails | 1 2 3 4 5 6 7 8 9 10 11 12 13 | 13.2
Polearms       | 1 2 3 4 5 6 7 8 9 10 11 12 13 | 13.2
Staves         | 1 2 3 4 6 8 10 11 12 13 14 15 16 17 | 17.3
Slings         | 1 2 3 4 5 6 7 8 9 10 11 12 13 | 13.2
Bows           | 1 2 3 4 5 6 7 8 9 10 11 12 13 | 13.2
Crossbows      | 1 2 3 4 5 6 7 8 9 10 11 12 13 | 13.2
Throwing       | 1 2 3 4 5 6 7 8 9 10 11 12 13 | 13.2
Stealth        | 1 2 3 4 5 6 7 8 9 10 11 12 13 | 13.2
Shields        | 1 2 3 4 5 6 7 8 9 10 11 12 13 | 13.2
Spellcasting   | 1 2 3 4 5 6 7 8 9 10 11 12 13 | 13.2
Evocations     | 1 2 3 4 5 6 7 8 9 10 11 12 13 | 13.2
Conjurations   | 1 2 3 4 5 6 7 8 9 10 11 | 11.4
Hexes          | 1 2 3 4 5 6 7 8 9 10 11 | 11.4
Summonings     | 1 2 3 4 5 6 7 8 9 10 11 | 11.4
Necromancy     | 1 2 3 4 5 6 7 8 9 10 11 | 11.4
Translocations | 1 2 3 4 5 6 7 8 9 10 11 | 11.4
Transmutations | 1 2 3 4 5 6 7 8 9 10 11 | 11.4
Fire Magic     | 1 2 3 4 5 6 7 8 9 10 11 | 11.4
Ice Magic      | 1 2 3 4 5 6 7 8 9 10 11 | 11.4
Air Magic      | 1 2 3 4 5 6 7 8 9 10 11 | 11.4
Earth Magic    | 1 2 3 4 5 6 7 8 9 10 11 | 11.4
Poison Magic   | 1 2 3 4 5 6 7 8 9 10 11 | 11.4
Dodging        | 3 4 5 6 7 8 9 10 11 12 13 | 13.5
Armour         | 5 6 7 8 9 10 11 12 13 | 13.9
Fighting       | 7 8 9 10 11 12 13 14 | 14.5
Unarmed Combat | 7 8 9 10 11 12 13 14 | 14.5

Action                   |  1- 3 |  4- 6 |  7- 9 | 10-12 | 13-15 | 16-18 | 19-21 || total
-------------------------+-------+-------+-------+-------+-------+-------+-------++-------
Melee: Unarmed           |    58 |    19 |   384 |   427 |   699 |   636 |   351 ||  2574
       Bite              |     5 |     1 |    36 |    43 |    87 |    77 |    63 ||   312
       Hand axe          |       |       |    13 |       |    43 |       |       ||    56
       Headbutt          |       |       |       |       |   101 |   132 |    77 ||   310
       Punch             |       |       |       |       |     4 |    19 |       ||    23
 Fire: Hunting sling     |    58 |    16 |       |       |       |       |       ||    74
       Hand crossbow     |       |    29 |    30 |   135 |   142 |       |       ||   336
Throw: Stone             |     1 |       |       |       |       |       |       ||     1
       Javelin           |       |       |    17 |    13 |    40 |       |       ||    70
       Throwing net      |       |       |       |     1 |       |       |       ||     1
 Cast: Olgreb's Toxic Ra |       |       |       |    12 |    36 |    25 |       ||    73
       Ignite Poison     |       |       |       |     9 |    23 |    15 |       ||    47
       Sticky Flame      |       |       |       |     3 |     1 |       |       ||     4
       Borgnjor's Vile C |       |       |       |       |    44 |     7 |     2 ||    53
       Blade Hands       |       |       |       |       |    11 |    48 |       ||    59
       Wereblood         |       |       |       |       |     1 |    40 |     5 ||    46
       Passwall          |       |       |       |       |       |     3 |       ||     3
       Statue Form       |       |       |       |       |       |    51 |    32 ||    83
       Blink             |       |       |       |       |       |     5 |     1 ||     6
       Manifold Assault  |       |       |       |       |       |    18 |    19 ||    37
Invok: Temporal Distorti |       |       |       |       |       |     1 |       ||     1
 Abil: End Transformatio |       |       |       |       |     1 |     1 |     1 ||     3
Evoke: Wand              |       |       |     2 |    18 |    35 |    22 |       ||    77
       Box of beasts     |       |       |       |       |     2 |     4 |     1 ||     7
  Use: Scroll            |     4 |     2 |    11 |    10 |     7 |     6 |     1 ||    41
       Potion            |       |     1 |       |     4 |       |     6 |       ||    11
 Stab: Sleeping          |     1 |       |     1 |     4 |    13 |    24 |     4 ||    47
       Confused          |       |     1 |     2 |       |     1 |       |     1 ||     5
       Paralysed         |       |       |       |    17 |    19 |     2 |       ||    38
       Invisible         |       |       |       |     3 |     4 |       |       ||     7
       Distracted        |       |       |       |     1 |     4 |     1 |     1 ||     7
       Betrayed ally     |       |       |       |       |     2 |       |       ||     2
Armor: Leather armour    |    29 |    12 |     1 |       |       |       |       ||    42
       Chain mail        |       |       |   142 |       |       |       |       ||   142
       Steam dragon scal |       |       |    97 |   164 |   293 |   113 |     2 ||   669
       Skin              |       |       |       |     2 |       |   159 |   280 ||   441
Dodge: Dodged            |    36 |    27 |   161 |   211 |   534 |   704 |   565 ||  2238
Block: Buckler           |     4 |     9 |    85 |    91 |   187 |   278 |   233 ||   887
       Reflection        |       |       |       |       |       |    53 |     8 ||    61
